 Dungeon Crawl Stone Soup version 0.20.1-1-g8b1a95d (webtiles) character file.

473 eljefe the Chiller (level 6, -1/41 HPs)
             Began as a Mummy Ice Elementalist on July 13, 2017.
             Was a Follower of Vehumet.
             Slain by a bullfrog zombie (5 damage)
             ... on level 5 of the Dungeon.
             The game lasted 00:16:25 (7386 turns).

eljefe the Chiller (Mummy Ice Elementalist)         Turns: 7386, Time: 00:16:26

Health: -1/41      AC:  7    Str: 11    XL:     6   Next: 84%
Magic:  3/12       EV: 11    Int: 16    God:    Vehumet [*.....]
Gold:   180        SH:  0    Dex: 13    Spells: 3/13 levels left

rFire    . . .     SeeInvis +   e - +1 whip
rCold    + . .     Gourm    .   (no shield)
rNeg     + + +     Faith    .   n - +1 leather armour {rF+}
rPois    ∞         Spirit   .   (no helmet)
rElec    .         Reflect  .   s - +0 cloak
rCorr    .         Harm     .   p - +0 pair of gloves
MR       .....                  h - +0 pair of boots
Stlth    ++........             (no amulet)
Regen    0.2/turn               i - ring of see invisible
MPRegen  0.2/turn               (no ring)

@: very slightly contaminated
A: no food or potions, fire vulnerability, cold resistance 1, negative energy
resistance 3, torment resistance, unbreathing
a: Renounce Religion


You were on level 5 of the Dungeon.
You worshipped Vehumet.
Vehumet was aware of your devotion.
You were not hungry.

You visited 2 branches of the dungeon, and saw 6 of its levels.

You collected 180 gold pieces.

Inventory:

Hand Weapons
 e - a +1 whip (weapon)
 r - a +0 blowgun
 v - a +3 vampiric whip
Missiles
 d - 45 stones (quivered)
 j - 57 sling bullets
 l - 3 throwing nets
 u - 6 poisoned needles
Armour
 a - a +0 robe
 h - a +0 pair of boots (worn)
 n - a +1 leather armour of fire resistance (worn)
 p - a +0 pair of gloves (worn)
 s - a +0 cloak (worn)
Jewellery
 f - an uncursed ring of resist corrosion
 i - a ring of see invisible (left hand)
Wands
 q - a wand of disintegration (12/24)
Scrolls
 k - a scroll of fog
 m - a scroll of immolation
 o - 2 scrolls of amnesia
 t - a scroll of recharging {unknown}
 w - a scroll of noise {unknown}
Books
 b - a book of Frost

   Spells                             Type                      Level
   a - Freeze                         Ice                          1
   b - Throw Frost                    Conjuration/Ice              2
   c - Ozocubu's Armour               Charms/Ice                   3
   d - Throw Icicle                   Conjuration/Ice              4
   e - Summon Ice Beast               Ice/Summoning                4


   Skills:
 - Level 1.5 Dodging
 - Level 1.5 Stealth
 - Level 4.0 Spellcasting
 - Level 3.2 Conjurations
 + Level 5.1 Ice Magic


You had 3 spell levels left.
You knew the following spells:

 Your Spells              Type           Power        Failure   Level  Hunger
a - Freeze                Ice            ###.         2%          1    N/A
b - Throw Frost           Conj/Ice       ###...       6%          2    N/A
c - Ozocubu's Armour      Chrm/Ice       ##......     22%         3    N/A
d - Throw Icicle          Conj/Ice       ###.....     36%         4    N/A

Dungeon Overview and Level Annotations

Branches:
Dungeon (5/15)             Temple (1/1) D:4

Altars:
Hepliaklqana
Makhleb
Nemelex Xobeh
Ru
Sif Muna
Vehumet
Zin

Annotations:
D:4 MrModeste's ghost, novice VSBe


Innate Abilities, Weirdness & Mutations

You do not eat or drink.
Your flesh is vulnerable to fire.
You are immune to poison.
Your flesh is cold resistant. (rC+)
You are immune to negative energy. (rN+++)
You are immune to unholy pain and torment.
You can survive without breathing.


Message History

You throw a stone.
The stone closely misses the bullfrog zombie.
Throwing (i - inventory. (,) - cycle):
d - 47 stones (quivered)
Press: ? - help, Shift-Dir - straight line, f/p - bullfrog zombie
Aim: a bullfrog zombie (almost destroyed)
You throw a stone.
The stone barely misses the bullfrog zombie.
Throwing (i - inventory. (,) - cycle):
d - 46 stones (quivered)
Press: ? - help, Shift-Dir - straight line, f/p - bullfrog zombie
Aim: a bullfrog zombie (almost destroyed)
You throw a stone.
The stone barely misses the bullfrog zombie.
Evoke which item? (* to show all) (? for menu, Esc to quit)
Aiming: Disintegrate (will waste charges)
Press: ? - help, Shift-Dir - straight line, f/p - bullfrog zombie
Aim: a bullfrog zombie (almost destroyed, chance to defeat MR: 76%)
The bullfrog zombie barely resists.
Evoking this partially-identified wand wasted a few charges.
The bullfrog zombie barely misses you. The bullfrog zombie hits you.
You die...

# ##.##
#(## #..#
##.# #.#
#.# #.#
#Z#######
#@S......
#########


You could see an adder and a bullfrog zombie.

Vanquished Creatures
  An ogre (D:3)
  2 jellies (D:5)
  An iguana (D:4)
  2 worker ants (D:4)
  10 gnolls
  4 adders
  An adder skeleton (D:4)
  4 worms (D:2)
  3 dart slugs (D:1)
  5 leopard geckos
  8 orcs
  5 giant cockroaches
  4 goblins
  13 hobgoblins
  8 jackals
  13 kobolds
  A quokka (D:4)
  2 ball pythons
  9 bats
  10 frilled lizards
  12 rats
  A butterfly (D:4)
119 creatures vanquished.

Vanquished Creatures (others)
  6 fungi (D:5)
  9 toadstools (D:5)
15 creatures vanquished.

Grand Total: 134 creatures vanquished

Notes
Turn   | Place    | Note
-------+----------+-------------------------------------------
     0 | D:1      | eljefe the Mummy Ice Elementalist began the quest for the Orb.
     0 | D:1      | Reached XP level 1. HP: 13/13 MP: 4/4
   447 | D:1      | Reached XP level 2. HP: 12/19 MP: 0/5
   570 | D:1      | Reached skill level 3 in Ice Magic
   718 | D:1      | Learned a level 2 spell: Throw Frost
  1451 | D:1      | Reached XP level 3. HP: 24/24 MP: 1/7
  2048 | D:1      | Learned a level 3 spell: Ozocubu's Armour
  3115 | D:2      | Reached skill level 4 in Ice Magic
  3255 | D:2      | Found a glowing silver altar of Zin.
  3431 | D:2      | Found a radiant altar of Vehumet.
  3437 | D:2      | Became a worshipper of Vehumet
  3566 | D:2      | Reached XP level 4. HP: 30/30 MP: 5/8
  3656 | D:2      | Found a sparkling altar of Nemelex Xobeh.
  4738 | D:2      | Learned a level 4 spell: Throw Icicle
  4738 | D:2      | Found a hazy altar of Hepliaklqana.
  4806 | D:2      | Reached XP level 5. HP: 35/35 MP: 4/11
  4810 | D:2      | Reached * piety under Vehumet
  4810 | D:2      | Offered knowledge of Shock by Vehumet.
  5031 | D:3      | Reached skill level 1 in Conjurations
  5033 | D:3      | Noticed an ogre
  5997 | D:3      | Noticed an ogre
  6132 | D:3      | Killed an ogre
  6132 | D:3      | Reached XP level 6. HP: 31/41 MP: 2/12
  6379 | D:4      | Found a staircase to the Ecumenical Temple.
  6443 | Temple   | Entered the Ecumenical Temple
  6761 | D:4      | Found a burning altar of Makhleb.
  6761 | D:4      | Noticed a cacodemon
  6764 | D:4      | Noticed an orange demon
  6764 | D:4      | Noticed a hellwing
  6840 | D:4      | Noticed MrModeste's ghost (novice VSBe)
  6872 | D:5      | Entered Level 5 of the Dungeon
  7038 | D:5      | Noticed a slime creature
  7039 | D:5      | Noticed a slime creature
  7039 | D:5      | Noticed a slime creature
  7056 | D:5      | Reached skill level 5 in Ice Magic
  7386 | D:5      | Slain by a bullfrog zombie

Skill      XL: |  1  2  3  4  5  6 |
---------------+-------------------+-----
Ice Magic      | 3 4 5 |  5.1
Spellcasting   | 4 |  4.0
Conjurations   | 3 |  3.2
Dodging        | |  1.5
Stealth        | |  1.5

Action                   |  1- 3 |  4- 6 || total
-------------------------+-------+-------++-------
Melee: Whip              |     9 |    55 ||    64
Throw: Stone             |    10 |     3 ||    13
       Javelin           |    13 |     6 ||    19
       Throwing net      |     1 |       ||     1
 Cast: Freeze            |    54 |   122 ||   176
       Throw Frost       |    37 |    43 ||    80
       Ozocubu's Armour  |       |     9 ||     9
Evoke: Wand              |       |     1 ||     1
  Use: Scroll            |       |    12 ||    12
 Stab: Sleeping          |       |     1 ||     1
Armor: Robe              |    12 |    14 ||    26
       Leather armour    |       |    47 ||    47
Dodge: Dodged            |    41 |   100 ||   141
